 Dungeon Crawl Stone Soup version 0.30-a0-860-g512cf1e979 (webtiles) character file.

Game seed: 12485800002666480804

14207 cforsyth the Thaumaturge (level 11, -7/63 HPs)
             Began as a Deep Elf Earth Elementalist on Mar 7, 2023.
             Was a Believer of Vehumet.
             Mangled by a two-headed ogre
             ... wielding a +0 giant club
              (25 damage)
             ... on level 11 of the Dungeon.
             The game lasted 00:23:04 (12099 turns).

cforsyth the Thaumaturge (DEEE)                    Turns: 12099, Time: 00:23:04

Health: -7/63      AC: 17    Str:  7    XL:     11   Next: 85%
Magic:  17/31      EV: 12    Int: 23    God:    Vehumet [**....]
Gold:   796        SH:  5    Dex: 15    Spells: 32/39 levels left

rFire   x . .      SeeInvis .    (no weapon)
rCold   + + .      Faith    .    (no shield)
rNeg    + . .      Spirit   .    L - +8 ring mail of Youthful Indiscretion {rC+}
rPois   +          Reflect  +    E - +0 helmet
rElec   .          Rampage  .    h - +2 cloak {Will+}
rCorr   +                        F - +1 pair of gloves
Will    ++...                    M - +0 pair of boots
Stlth   +                        r - amulet "Mohimon" {Reflect rN+ rCorr Str+2 SH+5}
HPRegen 0.30/turn                C - ring of poison resistance
MPRegen 0.22/turn                j - ring of ice

@: no status effects
A: deformed body, dopey 1
a: Renounce Religion


You were on level 11 of the Dungeon.
You worshipped Vehumet.
Vehumet was pleased with you.
You visited 2 branches of the dungeon, and saw 13 of its levels.
You also visited: Bailey.

You collected 828 gold pieces.
You spent 32 gold pieces at shops.

Inventory:

Missiles
 x - 3 throwing nets
Armour
 h - a +2 cloak of willpower (worn)
 z - a +0 robe of fire resistance
 E - a +0 helmet (worn)
 F - a +1 pair of gloves (worn)
 J - a +0 buckler
 L - the +8 ring mail of Youthful Indiscretion (worn) {rC+}
   (You found it on level 11 of the Dungeon)

   rC:        It protects you from cold.
 M - a +0 pair of boots (worn)
Jewellery
 j - a ring of ice (right hand)
 r - the amulet "Mohimon" (around neck) {Reflect rN+ rCorr Str+2 SH+5}
   (You acquired it on level 7 of the Dungeon)

   [amulet of reflection]

   It reflects blocked missile attacks.
   Str:       It affects your strength (+2).
   rN:        It protects you from negative energy.
   rCorr:     It protects you from acid and corrosion.
   SH:        It affects your SH (+5).
 y - a ring of resist corrosion
 C - a ring of poison resistance (left hand)
 I - an amulet of magic regeneration
Wands
 o - a wand of digging (3)
 q - a wand of flame (49)
 G - a wand of iceblast (10)
Scrolls
 c - 6 scrolls of teleportation
 d - 2 scrolls of silence
 e - 2 scrolls of vulnerability
 g - a scroll of amnesia {unknown}
 t - a scroll of fear
 H - 3 scrolls of fog {unknown}
 K - a scroll of blinking
Potions
 b - 2 potions of magic
 f - 2 potions of resistance {unknown}
 i - 7 potions of might
 k - 7 potions of curing
 l - 3 potions of heal wounds
 m - 6 potions of haste
 n - 2 potions of lignification {unknown}
 p - a potion of ambrosia {unknown}
 s - 4 potions of berserk rage
 u - 4 potions of flight
 v - 5 potions of cancellation
 A - a potion of invisibility {unknown}
 B - 3 potions of brilliance
 D - 2 potions of attraction


   Skills:
 + Level 5.1 Fighting
 + Level 7.9 Dodging
 - Level 2.4 Stealth
 - Level 14.8 Spellcasting
 + Level 6.8 Summonings
 - Level 1.1 Transmutations
 - Level 12.8 Earth Magic


You had 32 spell levels left.
You knew the following spells:

 Your Spells              Type           Power      Damage    Failure   Level
a - Sandblast             Erth           100%       2d20      1%          1
b - Stone Arrow           Conj/Erth      92%        3d12      2%          3
c - Summon Guardian Gole  Hex/Summ       32%        N/A       9%          3

Your spell library contained the following spells:

 Spells                   Type           Power      Damage    Failure   Level
 Searing Ray              Conj           34%        2d5       19%         2
 Summon Small Mammal      Summ           100%       N/A       1%          1
 Passwall                 Tmut/Erth      40%        N/A       1%          2
 Call Canine Familiar     Summ           48%        N/A       2%          3
 Petrify                  Tmut/Erth      49%        N/A       7%          4
 Freeze                   Ice            100%       1d10      12%         1
 Frozen Ramparts          Ice            50%        1d8       36%         3
 Hailstorm                Conj/Ice       25%        3d7       36%         3
 Summon Forest            Summ/Tloc      16%        N/A       63%         5
 Summon Hydra             Summ           24%        N/A       99%         7
 Eringya's Noxious Bog    Tmut/Pois      9%         N/A       100%        6


Dungeon Overview and Level Annotations

Branches:
Dungeon (12/15)            Temple (1/1) D:4            Lair (0/5) D:11
    Orc (0/2) D:11         Bailey (visited)

Altars:
Ashenzari
Cheibriados
Dithmenos
Elyvilon
Fedhas
Gozag
Hepliaklqana
Kikubaaqudgha
Makhleb
Nemelex Xobeh
Okawaru
Qazlal
Ru
Sif Muna
Trog
Uskayaw
Vehumet
Wu Jian
Xom
Yredelemnul
Zin
The Shining One

Shops:
D:4 :   D:7 *   D:8 *


Innate Abilities, Weirdness & Mutations

Armour fits poorly on your strangely shaped body.
You are dopey. (Int -2)


Message History

Aiming: Stone Arrow (dangerous; 2% risk of failure)
Press: ? - help, Shift-Dir - straight line, f - vampire mosquito
Aim: a vampire mosquito (60% to hit)
The stone arrow hits the vampire mosquito!
The vampire mosquito is severely damaged.
The vampire mosquito bites you but does no damage. x2
Casting: Stone Arrow (dangerous; 2% risk of failure)
Confirm with . or Enter, or press ? or * to list all spells.
Aiming: Stone Arrow (dangerous; 2% risk of failure)
Press: ? - help, Shift-Dir - straight line, f/p - vampire mosquito
Aim: a vampire mosquito (severely damaged, 60% to hit)
The stone arrow misses the vampire mosquito.
The vampire mosquito barely misses you. You block the two-headed ogre's attack.
The two-headed ogre hits you with a +0 giant club.
The vampire mosquito barely misses you.
Unknown command.
Casting: Stone Arrow (dangerous; 2% risk of failure)
Confirm with . or Enter, or press ? or * to list all spells.
Aiming: Stone Arrow (dangerous; 2% risk of failure)
Press: ? - help, Shift-Dir - straight line, f/p - vampire mosquito
Aim: a vampire mosquito (severely damaged, 60% to hit)
The stone arrow hits the vampire mosquito!!
You destroy the vampire mosquito!
Vehumet accepts your kill. The two-headed ogre closely misses you.
The two-headed ogre hits you with a +0 giant club!
Casting: Stone Arrow (dangerous; 2% risk of failure)
Confirm with . or Enter, or press ? or * to list all spells.
A guardian golem appears, shielding your allies.
Casting: Summon Guardian Golem (dangerous; 9% risk of failure)
Confirm with . or Enter, or press ? or * to list all spells.
Aiming: Stone Arrow (dangerous; 2% risk of failure)
Press: ? - help, Shift-Dir - straight line, f - two-headed ogre
Aim: a two-headed ogre, wielding two +0 giant clubs (ally target, 89% to hit)
The stone arrow hits the two-headed ogre.
The two-headed ogre is lightly wounded.
The two-headed ogre hits you with a +0 giant club!
* * * LOW HITPOINT WARNING * * *
The two-headed ogre hits you with a +0 giant club!!
You die...

.## ###.......## #.#
#.# .#
##############.######.#
.#
#.###...............!#
.#
#..<.########)########
.#########..#.# #)#
..............# #)#
######........## #.#
#.###.#.#.#######.#
#.##.##..9O@......#
###.###.#.#.#########
#.....##...##
####.###.###.## .....#
#.....# ####.###.#####
# #.....# # ###.### #
#.#


You could see a two-headed ogre (ally target) and a friendly guardian golem
(summoned).

Vanquished Creatures
  Erica (D:8)
  A centaur warrior (D:11)
  2 two-headed ogres
  Nergalle (D:11)
  Joseph (D:8)
  A kobold demonologist (D:10)
  A komodo dragon (D:11)
  2 trolls (D:11)
  A wyvern (D:11)
  A shadow (D:11)
  A wraith (D:10)
  10 yaks
  2 basilisks (D:11)
  Eustachio (D:6)
  5 vampire mosquitoes
  2 wargs (D:11)
  3 acid dragons
  2 water moccasins
  2 sky beasts (D:7)
  2 ice beasts
  6 black bears
  4 orc warriors
  3 centaurs (D:11)
  2 wolves (D:9)
  4 kobold brigands
  2 bullfrogs
  2 gnoll sergeants
  3 scorpions
  5 wights (D:10)
  21 killer bees
  6 howler monkeys
  4 hounds
  A gnoll bouda (D:6)
  6 orc priests
  3 iguanas
  11 orc wizards
  17 gnolls
  9 adders
  A shadow imp (D:6)
  4 white imps
  An ufetubus (D:5)
  2 worms
  A dart slug (D:2)
  44 orcs
  9 ball pythons
  10 endoplasms
  3 giant cockroaches
  10 goblins
  7 hobgoblins
  4 jackals (D:1)
  20 kobolds
  A quokka (D:2)
  2 bats (D:1)
  3 frilled lizards
  3 rats
276 creatures vanquished.

Vanquished Creatures (others)
  An orc knight (Bailey)
  A gargoyle (D:11)
  A hornet (D:9)
  Prince Ribbit (D:8)
  Grum (D:9)
  An orc warrior (D:10)
  A centaur (D:11)
  A killer bee (D:9)
8 creatures vanquished.

Grand Total: 284 creatures vanquished

Notes
Turn   | Place    | Note
-------+----------+-------------------------------------------
     0 | D:1      | cforsyth the Deep Elf Earth Elementalist began the quest
                  | for the Orb.
     0 | D:1      | Reached XP level 1. HP: 10/10 MP: 6/6
   231 | D:1      | Reached XP level 2. HP: 15/15 MP: 5/8
   916 | D:1      | Reached skill level 4 in Spellcasting
  1161 | D:2      | Reached XP level 3. HP: 19/19 MP: 8/10
  2115 | D:3      | Reached XP level 4. HP: 24/24 MP: 8/12
  2117 | D:3      | Reached skill level 5 in Spellcasting
  2991 | D:4      | Found a staircase to the Ecumenical Temple.
  2997 | D:4      | Noticed a black bear
  3001 | Temple   | Entered the Ecumenical Temple
  3069 | D:4      | Killed a black bear
  3070 | D:4      | Reached skill level 5 in Earth Magic
  3070 | D:4      | Reached XP level 5. HP: 28/28 MP: 11/15
  3094 | D:4      | Reached skill level 6 in Spellcasting
  3122 | D:4      | Found a glowing silver altar of Zin.
  3244 | D:4      | Reached XP level 6. HP: 32/32 MP: 14/17
  3479 | D:4      | Found Tadghicusch's Book Shoppe.
  3576 | D:4      | You fall into a shaft and drop 1 floor!
  3576 | D:5      | Entered Level 5 of the Dungeon
  4121 | D:5      | Reached skill level 7 in Spellcasting
  4145 | D:5      | Reached XP level 7. HP: 36/36 MP: 17/20
  4287 | D:5      | Reached skill level 8 in Spellcasting
  4766 | D:6      | Noticed a yak
  4767 | D:6      | Noticed a yak
  4767 | D:6      | Noticed a yak
  4834 | D:5      | Killed a yak
  5051 | D:6      | Reached skill level 9 in Spellcasting
  5056 | D:6      | Reached XP level 8. HP: 34/41 MP: 17/23
  5629 | D:6      | Reached skill level 10 in Spellcasting
  5699 | D:6      | Reached skill level 11 in Spellcasting
  5718 | D:6      | Noticed Eustachio
  5725 | D:6      | Killed Eustachio
  5726 | D:6      | Reached XP level 9. HP: 45/45 MP: 22/26
  6000 | D:7      | Identified a scroll of acquirement
  6000 | D:7      | Acquired the amulet "Mohimon" {Reflect rN+ rCorr Str+2
                  | SH+5}
  6041 | D:7      | Found Rurromog's Gadget Gallery.
  6048 | D:7      | Reached skill level 10 in Earth Magic
  6097 | D:7      | Found a flagged portal.
  6114 | Bailey   | Entered a bailey
  6306 | Bailey   | Noticed an orc knight
  6319 | Bailey   | Learned a level 3 spell: Stone Arrow
  6323 | Bailey   | Learned a level 3 spell: Summon Guardian Golem
  6338 | Bailey   | Killed an orc knight
  6339 | Bailey   | Reached skill level 12 in Spellcasting
  7017 | D:8      | Noticed Joseph
  7028 | D:8      | Killed Joseph
  7147 | D:8      | Reached skill level 13 in Spellcasting
  7342 | D:8      | Reached XP level 10. HP: 8/50 MP: 16/29
  7770 | D:8      | Noticed Erica
  7774 | D:8      | Noticed Prince Ribbit
  7783 | D:8      | Killed Erica
  7784 | D:8      | Reached skill level 14 in Spellcasting
  7788 | D:8      | Killed Prince Ribbit
  8276 | D:8      | Found Nary's CLEARANCE SALE!.
  8281 | D:8      | Bought a potion of cancellation for 32 gold pieces
  8623 | D:9      | Found a sacrificial altar of Ru.
  8630 | D:9      | Found a shimmering altar of Xom.
  8633 | D:9      | Found an opulent altar of Gozag.
  8647 | D:9      | Reached skill level 1 in Summonings
  8663 | D:9      | Reached skill level 1 in Fighting
  8763 | D:9      | Found a sparkling altar of Nemelex Xobeh.
  8780 | D:9      | Found a radiant altar of Vehumet.
  8784 | D:9      | Became a worshipper of Vehumet
  8817 | D:9      | Noticed a two-headed ogre
  8827 | D:9      | Killed a two-headed ogre
  9075 | D:9      | Reached XP level 11. HP: 44/57 MP: 26/31
  9308 | D:9      | Noticed Grum
  9362 | D:9      | Killed Grum
  9771 | D:9      | Gained mutation: You are partially covered in large bone
                  | plates. (SH +4) [potion of mutation]
  9771 | D:9      | Gained mutation: You are dopey. (Int -2) [potion of
                  | mutation]
  9771 | D:9      | Gained mutation: You possess an exceptional clarity of
                  | mind. [potion of mutation]
  9771 | D:9      | Gained mutation: You have large cloven feet. [potion of
                  | mutation]
  9772 | D:9      | Lost mutation: You possess an exceptional clarity of mind.
                  | [potion of mutation]
  9772 | D:9      | Lost mutation: You are partially covered in large bone
                  | plates. (SH +4) [potion of mutation]
  9772 | D:9      | Lost mutation: You have large cloven feet. [potion of
                  | mutation]
  9772 | D:9      | Gained mutation: Armour fits poorly on your strangely
                  | shaped body. [potion of mutation]
  9880 | D:10     | Entered Level 10 of the Dungeon
  9890 | D:10     | Reached skill level 5 in Dodging
 10067 | D:10     | Found a bloodstained altar of Trog.
 10068 | D:10     | Found a stormy altar of Qazlal.
 10069 | D:10     | Found a basalt altar of Yredelemnul.
 10070 | D:10     | Found a glowing golden altar of the Shining One.
 10102 | D:10     | Reached * piety under Vehumet
 10102 | D:10     | Offered knowledge of Magic Dart by Vehumet.
 10546 | D:11     | Noticed a two-headed ogre
 10736 | D:11     | Found a staircase to the Orcish Mines.
 10741 | D:11     | Noticed a centaur warrior
 10760 | D:11     | Killed a centaur warrior
 10761 | D:11     | Reached skill level 5 in Summonings
 10928 | D:11     | Identified the +8 ring mail of Youthful Indiscretion {rC+}
 11144 | D:11     | Reached ** piety under Vehumet
 11144 | D:11     | Offered knowledge of Searing Ray by Vehumet.
 11179 | D:11     | Found a staircase to the Lair.
 11604 | D:11     | Noticed Nergalle
 11615 | D:11     | Killed Nergalle
 11844 | D:11     | Killed a two-headed ogre
 11845 | D:11     | Reached skill level 5 in Fighting
 12074 | D:12     | Noticed a two-headed ogre
 12076 | D:12     | Noticed an ogre mage
 12099 | D:11     | Mangled by a two-headed ogre

Illustrated notes

Levels and vault maps discovered:
D:1:      kennysheep_arrival_forest, layout_basic, serial_forest,
          infiniplex_forest_lined_2, infiniplex_forest_lined_4_way,
          infiniplex_forest_lined_room_2, infiniplex_forest_lined_2,
          infiniplex_forest_lined_corner, infiniplex_forest_end_1,
          infiniplex_forest_lined_room_2
D:2:      layout_loops_cross
D:3:      layout_loops_corners, minmay_cut_off
D:4:      layout_gridville, old_standard_altar, minmay_temple_entry_junction_2,
          serial_shops, nicolae_shop_temple_entry_statues_fountains,
          minmay_close_crescents
D:5:      layout_gridville, kennysheep_generic_room_15
D:6:      layout_loops_ring, nicolae_sextant, grunt_ministairs_6, uniq_eustachio
D:7:      layout_basic, enter_bailey_6, mrwooster_statue_mirror,
          kennysheep_small_spiral, nicolae_shop_gadgets
D:8:      layout_cave_pods, nicolae_shop_clearance, uniq_joseph,
          uniq_prince_ribbit1, uniq_erica
D:9:      lemuel_ice_spiral_2, layout_basic,
          nicolae_overflow_hallway_of_the_gods, uniq_grum
D:10:     layout_basic, mainiacjoe_overflow_alcove_3
D:11:     layout_loops_ring, erik_lair_dragon, david_orc_1_choice, uniq_nergalle
D:12:     layout_stronghold, gammafunk_ghost_grave, minmay_misc_feat_pillars,
          minmay_increasing_density, uniq_frances
Temple:   nicolae_temple_x_marks_the_god

Skill      XL: |  1  2  3  4  5  6  7  8  9 10 11 |
---------------+----------------------------------+-----
Earth Magic    | 4 5 6 8 9 11 12 | 12.8
Spellcasting   | 4 5 6 7 9 11 13 14 | 14.8
Summonings     | 3 6 |  6.8
Dodging        | 4 7 |  7.9
Fighting       | 2 5 |  5.1
Stealth        | |  2.4
Transmutations | |  1.1

Action                     |  1- 3 |  4- 6 |  7- 9 | 10-12 || total
---------------------------+-------+-------+-------+-------++-------
  Melee: Unarmed           |       |       |       |     2 ||     2
   Cast: Sandblast         |    62 |    60 |   140 |   205 ||   467
         Stone Arrow       |       |       |    11 |    43 ||    54
         Summon Guardian G |       |       |     1 |    12 ||    13
    Use: Scroll            |       |       |    14 |     5 ||    19
         Potion            |       |       |     2 |     5 ||     7
 Armour: Robe              |     2 |     4 |    20 |    47 ||    73
         Ring mail         |       |       |       |    37 ||    37
  Dodge: Dodged            |     7 |     5 |    36 |   102 ||   150
  Block: Other             |       |       |     4 |    46 ||    50
         Reflection        |       |       |       |     6 ||     6

Table legend: (Time is in decaauts)
 A = Elapsed time spent in this place.
 B = Non-inter-level travel time spent in this place.
 C = Inter-level travel time spent in this place.
 D = Time resting spent in this place.
 E = Time spent auto-exploring this place.
 F = Levels seen in this place.
 G = Mean time per level.
                   A        B        C        D        E       F      G
               +--------+--------+--------+--------+--------+-----+--------+
         Total |  12330 |  11943 |    387 |   1350 |   8539 |  14 |  880.7 |
       Dungeon |  11679 |  11300 |    379 |   1104 |   8386 |  12 |  973.2 |
        Temple |     58 |     50 |      8 |      0 |     46 |   1 |   58.0 |
        Bailey |    591 |    591 |      0 |    246 |    107 |   1 |  591.0 |
               +--------+--------+--------+--------+--------+-----+--------+

Top non-repeatable levels by time:
     D:9: 1552 daAuts
    D:11: 1399 daAuts
     D:8: 1345 daAuts
     D:5: 1215 daAuts
     D:1: 1147 daAuts
     D:3: 1038 daAuts
     D:6: 986 daAuts
    D:10: 855 daAuts
     D:2: 844 daAuts
     D:4: 797 daAuts
  Bailey: 591 daAuts
     D:7: 457 daAuts
  Temple: 58 daAuts
    D:12: 38 daAuts
